Map: Ley Lines

Players

LigerMaNN

  • Race: Zerg Zerg
  • League: Diamond
  • Spawn Location: 7:00

IIIIIIIIIIII - Winner!

  • Race: Protoss Protoss
  • League: Diamond
  • Spawn Location: 1:00

VOD

Have the link to the VOD?

Description

Time

  • Played on: June 28, 2025, 3:09 p.m.
  • Length: 11:24
Show
View Real Time Build Order
Export as new Build Order

LigerMaNN Zerg 

Build Orders: Hatch First 

Get SALT Encoding   

  12  0:01  Drone  
  13  0:12  Overlord  
  13  0:17  Drone  
  14  0:31  Drone x2  
  16  0:47  Hatchery  
  15  0:50  Drone  
  15  0:54  Drone  
  17  0:57  Drone  
  18  1:08  Extractor  
  17  1:14  Spawning Pool  
  16  1:20  Drone x2  
  18  1:28  Drone  
  19  1:39  Drone  
  20  1:49  Drone  
  21  1:58  Overlord  
  21  2:01  Queen x2  
  21  2:04  Zergling x2  
  26  2:22  Hatchery  
  25  2:24  Zergling x2  
  26  2:30  Metabolic Boost  
  26  2:32  Zergling x2  
  26  2:35  Zergling x2  
  28  2:48  Drone  
  28  2:49  Drone x3  
  28  2:50  Drone  
  33  2:59  Queen  
  33  3:04  Overlord  
  34  3:29  Pneumatized Carapace  
  34  3:31  Drone x2  
  34  3:33  Drone x2  
  34  3:34  Drone x3  
  41  3:44  Queen  
  41  3:45  Queen  
  45  3:50  Drone  
  45  3:51  Drone x3  
  45  3:55  Overlord  
  49  3:57  Overlord  
  49  4:01  Overlord  
  49  4:09  Overlord  
  49  4:10  Overlord  
  49  4:32  Drone  
  49  4:33  Drone x9  
  59  4:40  Lair  
  59  4:45  Queen  
  59  4:49  Hatchery  
  59  4:51  Queen  
  62  5:03  Drone x8  
  62  5:04  Drone  
  71  5:07  Extractor  
  71  5:08  Extractor  
  71  5:09  Extractor  
  71  5:10  Extractor  
  71  5:11  Spore Crawler x2  
  65  5:15  Spore Crawler  
  65  5:16  Spore Crawler  
  65  5:18  Spore Crawler  
  62  5:21  Spore Crawler  
  62  5:27  Drone x3  
  62  5:28  Drone x2  
  66  5:40  Hydralisk Den  
  64  5:43  Drone x3, Extractor  
  64  5:45  Drone x6  
  64  5:49  Baneling Nest  
  69  6:01  Drone x3  
  69  6:02  Drone x3  
  75  6:04  Drone x3  
  75  6:05  Drone x2  
  75  6:09  Muscular Augments  
  80  6:16  Evolution Chamber  
  80  6:17  Evolution Chamber  
  78  6:23  Drone x7  
  78  6:24  Drone  
  86  6:26  Overlord  
  86  6:28  Overlord  
  86  6:30  Overlord  
  86  6:41  Roach Warren  
  86  6:42  Zerg Ground Armor Level 1, Zerg Missile Weapons Level 1  
  80  7:00  Hydralisk x3  
  80  7:01  Hydralisk x7  
  82  7:04  Hydralisk  
  93  7:13  Grooved Spines  
  89  7:33  Hydralisk x9  
  103  7:49  Overlord  
  103  8:01  Overlord x2  
  103  8:02  Overlord x2  
  103  8:06  Queen x4  
  111  8:29  Roach  
  111  8:31  Drone  
  111  8:32  Drone x10  
  124  8:38  Hatchery  
  124  8:39  Infestation Pit  
  122  8:52  Drone x2, Spore Crawler  
  122  8:53  Drone x3  
  126  8:58  Spore Crawler  
  125  9:03  Spore Crawler  
  125  9:07  Drone x8  
  132  9:10  Extractor  
  132  9:12  Extractor  
  132  9:15  Spire  
  132  9:16  Hive  
  129  9:17  Overlord x6  
  129  9:35  Roach x8  
  129  9:36  Roach  
  147  9:43  Drone x2  
  147  9:44  Drone  
  151  9:45  Drone x2  
  152  9:59  Hatchery  
  151  10:12  Hydralisk  
  151  10:13  Hydralisk x14  
  181  10:19  Overseer x4  
  181  10:56  Hydralisk x8  
Show
View Real Time Build Order
Export as new Build Order

IIIIIIIIIIII Protoss - Winner!

Build Orders: 1 Gate Expand, Carriers, Carrier Rush 

Get SALT Encoding   

  12  0:00  Probe  
  13  0:13  Probe  
  14  0:20  Pylon  
  14  0:25  Probe  
  15  0:38  Probe  
  15  0:41  Gateway  
  16  0:46  Probe  
  16  0:48  Assimilator  
  16  0:54  Probe  
  18  1:04  Probe  
  19  1:30  Cybernetics Core  
  19  1:37  Nexus  
  19  1:44  Assimilator  
  19  1:49  Probe  
  19  1:50  Pylon  
  20  1:57  Probe  
  20  1:58  Stalker  
  20  2:07  Probe  
  24  2:25  Shield Battery  
  24  2:30  Forge  
  24  2:39  Stargate  
  24  2:41  Probe  
  25  2:45  Probe  
  26  2:53  Probe  
  26  2:54  Probe  
  28  3:03  Probe  
  28  3:07  Photon Cannon  
  28  3:09  Probe  
  30  3:15  Probe  
  31  3:20  Void Ray  
  35  3:32  Probe  
  36  3:35  Probe  
  37  3:44  Probe, Protoss Air Weapons Level 1  
  37  3:48  Probe  
  39  3:54  Pylon  
  39  3:56  Probe  
  39  3:57  Assimilator  
  39  4:00  Probe, Assimilator  
  41  4:09  Probe  
  42  4:15  Fleet Beacon  
  42  4:21  Stargate  
  42  4:23  Probe x2  
  44  4:35  Probe x2  
  44  4:37  Pylon  
  46  4:41  Pylon  
  46  4:47  Probe x2  
  46  4:48  Carrier  
  48  4:56  Carrier  
  48  4:59  Probe x2  
  62  5:22  Pylon  
  62  5:23  Probe x2  
  62  5:28  Protoss Air Weapons Level 2, Stargate  
  64  5:57  Nexus  
  64  6:00  Pylon  
  64  6:01  Pylon  
  64  6:03  Assimilator  
  64  6:05  Carrier  
  64  6:07  Assimilator  
  70  6:12  Probe x2  
  72  6:21  Shield Battery  
  72  6:25  Photon Cannon  
  72  6:27  Photon Cannon  
  72  6:34  Probe x2  
  74  6:42  Carrier  
  80  6:57  Carrier  
  80  7:00  Probe  
  80  7:01  Probe  
  88  7:12  Probe  
  88  7:14  Probe x2  
  91  7:25  Probe  
  92  7:35  Carrier  
  98  7:40  Protoss Air Armor Level 1  
  98  7:43  Probe x2  
  98  7:44  Probe  
  101  7:47  Carrier  
  107  8:06  Pylon  
  107  8:10  Pylon  
  107  8:16  Pylon  
  107  8:19  Pylon  
  107  8:20  Mothership  
  107  8:21  Pylon  
  107  8:24  Carrier  
  107  8:25  Pylon  
  113  8:33  Carrier  
  121  8:34  Probe  
  121  8:35  Probe  
  129  8:51  Pylon  
  129  8:53  Probe x2  
  131  8:57  Carrier  
  137  9:04  Robotics Facility  
  137  9:08  Pylon  
  137  9:09  Pylon  
  137  9:10  Pylon  
  137  9:13  Sentry  
  137  9:15  Protoss Shields Level 1  
  139  9:26  Probe  
  140  9:37  Photon Cannon x2  
  140  9:39  Photon Cannon  
  140  9:40  Photon Cannon  
  140  9:43  Photon Cannon  
  140  9:46  Shield Battery  
  140  9:54  Observer  
  141  10:03  Carrier x2  
  153  10:12  Observer  
  154  10:16  Carrier  
  160  10:43  Nexus  
  160  10:46  Assimilator  
  160  10:48  Stargate, Assimilator  
  160  10:50  Pylon  
  160  10:52  Robotics Bay  
  160  10:53  Pylon  
  160  11:13  Photon Cannon  
  160  11:14  Photon Cannon  
  160  11:17  Photon Cannon  
  160  11:20  Photon Cannon  
Tags
 
Composition
Carriers
Matchup
PvZ
Replay Pack
June 2025
Spawn Locations
Cross Positions
Strategy
Carrier Rush
Add a new tag
Caveats
  • Supply blocks, unpowered buildings, or Contaminate may cause inaccurate times.
  • Supply counts are checked every 10 seconds.